 Dungeon Sprint DCSS version 0.26-a0-708-g17f3b190f9 (webtiles) character file.

Game seed: 4576724523183933698

759 mhtbhm the Basher (level 7, -5/76 HPs)
             Began as a Troll Fighter on Oct 27, 2020.
             Was a Priest of Trog.
             Slain by a komodo dragon (shapeshifter) (24 damage)
             ... in the Dungeon (Sprint IX: "|||||||||||||||||||||||||||||").
             The game lasted 00:00:52 (201 turns).

mhtbhm the Basher (Troll Fighter)                    Turns: 201, Time: 00:00:53

Health: -5/76      AC:  9    Str: 30    XL:     7   Next: 50%
Magic:  6/6        EV: 11    Int:  4    God:    Trog [***...]
Gold:   0          SH: 10    Dex:  9    Spells: 6/6 levels left

rFire    . . .     SeeInvis .   a - +2 morningstar (holy)
rCold    . . .     Faith    .   c - +0 kite shield
rNeg     . . .     Spirit   .   b - +0 robe
rPois    .         Reflect  .   (helmet restricted)
rElec    .         Harm     .   m - +0 cloak
rCorr    .         Rampage  .   (gloves unavailable)
MR       .....     NoTele   +   (boots unavailable)
Stlth    +.........             (no amulet)
HPRegen  0.62/turn              n - +3 ring of strength
MPRegen  0.10/turn              o - +2 ring of protection

@: berserk cooldown, slowed, very slow
A: large, unfitting armour, claws 3, regeneration 1, shaggy fur 1, tough skin 3
a: Berserk, Trog's Hand, Renounce Religion


You were in the Dungeon.
You worshipped Trog.
Trog was most pleased with you.
You visited 1 branch

Inventory:

Hand Weapons
 a - a +2 morningstar of holy wrath (weapon)
Armour
 b - a +0 robe (worn)
 c - a +0 kite shield (worn)
 m - a +0 cloak (worn)
Jewellery
 n - a +3 ring of strength (left claw)
 o - a +2 ring of protection (right claw)
Wands
 l - a wand of iceblast (9)
Scrolls
 j - 2 scrolls of blinking
 k - 3 scrolls of remove curse
Potions
 d - a potion of might
 e - 5 potions of curing
 f - 3 potions of heal wounds
 g - a potion of haste
 h - 4 potions of magic
 i - a potion of invisibility


   Skills:
 + Level 6.5 Fighting
 + Level 10.0 Maces & Flails
 + Level 6.9 Dodging
 + Level 0.3 Stealth
 + Level 6.2 Shields


You had 6 spell levels left.
You didn't know any spells.
Your spell library was empty.

Dungeon Overview and Level Annotations

Branches:
Dungeon (1/1)

Altars:
Cheibriados
Dithmenos
Elyvilon
Fedhas
Gozag
Hepliaklqana
Kikubaaqudgha
Makhleb
Nemelex Xobeh
Okawaru
Qazlal
Ru
Sif Muna
Trog
Uskayaw
Vehumet
Wu Jian
Xom
Yredelemnul
Zin
The Shining One
Beogh
Jiyva
Lugonu


Innate Abilities, Weirdness & Mutations

You are too large for most types of armour.
You have claws for hands.
Your natural rate of healing is unusually fast.
You are covered in fur. (AC +1)
You have extremely tough skin. (AC +3)


Message History

The orc wizard closely misses you. The orc wizard misses you.
You closely miss the orc wizard.
The orc wizard is severely wounded.
The orc wizard hits you but does no damage.
You puncture the orc wizard!
You kill the orc wizard!
Trog accepts your kill.
Trog appreciates your killing of a magic user.
Your Maces & Flails skill increases to level 10!
The komodo dragon bites you but does no damage.
You barely miss the komodo dragon. The komodo dragon bites you!
* * * LOW HITPOINT WARNING * * *
You barely miss the komodo dragon.
You block the komodo dragon's attack. x2
You hit the komodo dragon.
The komodo dragon is lightly wounded.
The komodo dragon closely misses you.
You barely miss the komodo dragon.
The komodo dragon is lightly wounded.
The komodo dragon bites you!!
You die... ▓▓▓▓▓▓▓▓▓▓▓▓▓▓▓▓▓▓▓▓▓▓▓▓ '.?)..[[.(†)....@lh..... ▓▓▓▓▓▓▓▓▓▓▓▓▓▓▓▓▓▓▓▓▓▓▓▓

You could see a komodo dragon and a hound.

Vanquished Creatures
  A manticore (D)
  A sky beast (D)
  A centaur (D)
  A scorpion (D)
  A wight (D)
  An orc wizard (D)
  An iguana (D)
  An adder (D)
  A shadow imp (D)
  3 white imps (D)
  A leopard gecko (D)
  2 giant cockroaches (D)
  A hobgoblin (D)
  A quokka (D)
  2 kobolds (D)
  A rat (D)
20 creatures vanquished.

Notes
Turn   | Place    | Note
-------+----------+-------------------------------------------
     0 | D        | mhtbhm the Troll Fighter began the quest for the Orb.
     0 | D        | Reached XP level 1. HP: 22/22 MP: 0/0
    11 | D        | Reached skill level 2 in Maces & Flails
    30 | D        | Reached XP level 2. HP: 31/31 MP: 1/1
    36 | D        | Reached XP level 3. HP: 37/37 MP: 2/2
    38 | D        | Reached skill level 3 in Maces & Flails
    43 | D        | Found a roughly hewn altar of Beogh.
    43 | D        | Found a snail-covered altar of Cheibriados.
    43 | D        | Found a shadowy altar of Dithmenos.
    43 | D        | Found a white marble altar of Elyvilon.
    43 | D        | Found a blossoming altar of Fedhas.
    43 | D        | Found an opulent altar of Gozag.
    44 | D        | Found a hazy altar of Hepliaklqana.
    45 | D        | Found a viscous altar of Jiyva.
    46 | D        | Found an ancient bone altar of Kikubaaqudgha.
    47 | D        | Found a corrupted altar of Lugonu.
    48 | D        | Found a burning altar of Makhleb.
    49 | D        | Found a sparkling altar of Nemelex Xobeh.
    50 | D        | Found an iron altar of Okawaru.
    51 | D        | Found a stormy altar of Qazlal.
    52 | D        | Found a sacrificial altar of Ru.
    53 | D        | Found a shimmering blue altar of Sif Muna.
    54 | D        | Found a bloodstained altar of Trog.
    55 | D        | Found a hide-covered altar of Uskayaw.
    56 | D        | Found a radiant altar of Vehumet.
    64 | D        | Found an ornate altar of the Wu Jian Council.
    65 | D        | Found a shimmering altar of Xom.
    66 | D        | Found a basalt altar of Yredelemnul.
    67 | D        | Found a glowing silver altar of Zin.
    68 | D        | Found a glowing golden altar of the Shining One.
    69 | D        | Became a worshipper of Trog the Wrathful
   104 | D        | Noticed a sky beast
   104 | D        | Noticed a centaur
   121 | D        | Reached XP level 4. HP: 41/48 MP: 3/3
   123 | D        | Reached * piety under Trog
   138 | D        | Killed a sky beast
   138 | D        | Reached skill level 5 in Maces & Flails
   138 | D        | Reached skill level 5 in Dodging
   138 | D        | Reached XP level 5. HP: 46/55 MP: 4/4
   147 | D        | Killed a centaur
   147 | D        | Reached ** piety under Trog
   147 | D        | Reached skill level 5 in Fighting
   147 | D        | Reached skill level 6 in Maces & Flails
   147 | D        | Reached skill level 5 in Shields
   175 | D        | Noticed a manticore
   175 | D        | Noticed a komodo dragon
   185 | D        | Killed a manticore
   185 | D        | Reached skill level 9 in Maces & Flails
   185 | D        | Reached XP level 6. HP: 47/67 MP: 5/5
   185 | D        | Reached XP level 7. HP: 53/75 MP: 6/6
   197 | D        | Reached *** piety under Trog
   197 | D        | Reached skill level 10 in Maces & Flails
   201 | D        | Slain by a komodo dragon (shapeshifter)

Illustrated notes

Levels and vault maps discovered:
D:        linesprint [early_d, line_temple, items_1, d_10, items_2, lair_1,
          lair_end, items_3, orc_1, orc_end, items_4, d_15, swamp_1, shoals_1,
          snake_1, spider_1, d_20, vaults_1, items_5, swamp_end, shoals_end,
          snake_end, spider_end, vaults_end, d_27, items_6, zot_1, zot_end,
          crypt_end, forest_end, elf_end, slime_end, tomb_end, abyss_end,
          pan_hell_end]

Skill      XL: |  1  2  3  4  5  6  7 |
---------------+----------------------+-----
Maces & Flails | 2 3 5 9 10 | 10.0
Fighting       | 3 4 6 |  6.5
Dodging        | 3 4 5 6 |  6.9
Shields        | 3 4 6 |  6.2
Stealth        | |  0.3

Action                   |  1- 3 |  4- 6 |  7- 9 || total
-------------------------+-------+-------+-------++-------
Melee: Flail             |    18 |       |       ||    18
       Morningstar       |    17 |    33 |    12 ||    62
Invok: Berserk           |       |     1 |       ||     1
Evoke: Wand              |       |     1 |       ||     1
  Use: Potion            |     1 |       |       ||     1
Armor: Robe              |     9 |    20 |     3 ||    32
Dodge: Dodged            |     9 |     8 |     4 ||    21
Block: Kite shield       |    19 |    18 |     4 ||    41

Table legend: (Time is in decaauts)
 A = Elapsed time spent in this place.
 B = Non-inter-level travel time spent in this place.
 C = Inter-level travel time spent in this place.
 D = Time resting spent in this place.
 E = Time spent auto-exploring this place.
 F = Levels seen in this place.
 G = Mean time per level.
                   A        B        C        D        E       F      G
               +--------+--------+--------+--------+--------+-----+--------+
         Total |    232 |    232 |      0 |     36 |      3 |   1 |  232.0 |
       Dungeon |    232 |    232 |      0 |     36 |      3 |   1 |  232.0 |
               +--------+--------+--------+--------+--------+-----+--------+

Top non-repeatable levels by time:
       D: 232 daAuts
